 Dungeon Crawl Stone Soup version 0.19-a0-1672-g679cadd (webtiles) character file.

94 aronpayne the Shield-Bearer (level 4, 0/37 HPs)
             Began as a Formicid Fighter on Sept 22, 2016.
             Slain by Purgy (2 damage)
             ... in a sewer.
             The game lasted 00:08:12 (1734 turns).

aronpayne the Shield-Bearer (Formicid Fighter)      Turns: 1734, Time: 00:08:12

Health: 0/37       AC:  8    Str: 32    XL:     4   Next: 94%
Magic:  4/4        EV:  9    Int:  7    God:
Gold:   133        SH: 10    Dex: 10    Spells: 0 memorised, 3 levels left

rFire  . . .     SeeInvis +     a - +0 war axe
rCold  . . .     Gourm    .     b - +0 scale mail
rNeg   . . .     Faith    .     c - +0 shield
rPois  +         Spirit   .     (helmet unavailable)
rElec  .         Dismiss  .     (no cloak)
rCorr  .         Reflect  .     o - +0 pair of gloves
MR     .....     Harm     .     (no boots)
Stlth  ..........               (no amulet)
                                k - +5 ring of strength
                                j - ring of poison resistance

@: mighty
A: permanent stasis, dig shafts and tunnels, four strong arms, antennae 3
a: Dig, Shaft Self


You were in a sewer.
You were not hungry.

You visited 1 branch of the dungeon, and saw 3 of its levels.
You also visited: Sewer.

You collected 133 gold pieces.

Inventory:

Hand Weapons
 a - a +0 war axe (weapon)
Armour
 b - a +0 scale mail (worn)
 c - a +0 shield (worn)
 o - a +0 pair of gloves (worn)
Jewellery
 j - a ring of poison resistance (left hand)
 k - a +5 ring of strength (right hand)
Scrolls
 i - 2 scrolls of random uselessness {unknown}
 n - a scroll of enchant weapon {unknown}
 p - 2 scrolls of identify {unknown}
 r - a scroll of remove curse {unknown}
 s - a scroll of fog {unknown}
 t - a scroll of blinking {unknown}
Potions
 e - 3 potions of curing {unknown}
 g - a potion of brilliance {unknown}
 l - a potion of mutation {unknown}
 q - a potion of heal wounds {unknown}
Comestibles
 f - a bread ration
 h - 7 chunks of flesh
 m - 4 meat rations


   Skills:
 * Level 3.8 Fighting
 * Level 3.0 Axes
 + Level 3.7 Armour
 + Level 1.0 Dodging
 + Level 4.4 Shields


You had 3 spell levels left.
You didn't know any spells.

Dungeon Overview and Level Annotations

Branches:
Dungeon (3/15)

Altars:
Gozag

Annotations:
Sewer Purgy


Innate Abilities, Weirdness & Mutations

You are under a permanent stasis effect.
You can dig through walls and to a lower floor.
Your four strong arms can wield two-handed weapons with a shield.
You have a pair of large antennae on your head. (SInv)


Message History

Purgy is heavily wounded.
Purgy closely misses you. Purgy claws you but does no damage. Purgy claws you.
You slash Purgy!
Purgy is severely wounded.
Purgy bites you.
* * * LOW HITPOINT WARNING * * *
Purgy claws you.
* * * LOW HITPOINT WARNING * * *
You block Purgy's attack. x2; Purgy claws you but does no damage.
Purgy claws you.
* * * LOW HITPOINT WARNING * * *
Some of the chunks of flesh in your inventory have rotted away.
You enter the shallow water.
Moving in this stuff is going to be slow.
You barely miss Purgy.
Purgy is heavily wounded.
Purgy bites you.
* * * LOW HITPOINT WARNING * * *
Purgy claws you.
You die...

#### ## #..#
#≈##!.# #≈##..#
######## #≈###.##
###.≈..≈.###
##≈##...#
###.......≈≈.###
#.≈.#...#
#...≈≈####.T@..###
#.≈.....# #.≈.≈≈###
###.....###≈≈.....#
#.≈....##
##..≈...≈.†.#####
###..≈≈
#...≈.###≈(.....#
[.##.. #.≈≈≈.###
#.≈...∩.# #? ###
≈.≈..### #.≈.#.∩.#
# .≈.## ##≈##...#
### #≈###### #≈#


You could see Purgy.

Vanquished Creatures
  3 adders (D:2)
  3 worms (D:2)
  A dart slug (D:2)
  2 orcs (D:3)
  10 bats
  5 giant cockroaches
  8 goblins
  3 hobgoblins (D:1)
  2 jackals (Sewer)
  A ball python (D:1)
  3 frilled lizards
  5 kobolds
  9 rats
55 creatures vanquished.

Notes
Turn   | Place    | Note
-------+----------+-------------------------------------------
     0 | D:1      | aronpayne the Formicid Fighter began the quest for the Orb.
     0 | D:1      | Reached XP level 1. HP: 18/18 MP: 1/1
   163 | D:1      | Reached XP level 2. HP: 21/24 MP: 2/2
   354 | D:1      | Reached XP level 3. HP: 29/29 MP: 3/3
   899 | D:2      | Reached skill level 4 in Shields
   932 | D:2      | Reached XP level 4. HP: 25/37 MP: 4/4
  1135 | D:2      | Reached skill level 1 in Dodging
  1155 | D:2      | Found an opulent altar of Gozag.
  1565 | D:3      | Found a glowing drain.
  1605 | Sewer    | Entered a sewer
  1713 | Sewer    | Noticed Purgy
  1734 | Sewer    | Slain by Purgy

Vault maps used:
D:1:      ncdulo_watergridlock
D:2:      grunt_gozag_statues
D:3:      portal_sewer_entry_a, grunt_decor_mini_mirrors
Sewer:    sewer_the_crocodile

Skill      XL: |  1  2  3  4 |
---------------+-------------+-----
Shields        | 4 |  4.4
Dodging        | 1 |  1.0
Axes           | 3 |  3.0
Fighting       | |  3.8
Armour         | |  3.7

Action                   |  1- 3 |  4- 6 || total
-------------------------+-------+-------++-------
Melee: War axe           |   108 |    68 ||   176
  Use: Potion            |       |     1 ||     1
  Eat: Chunk             |       |     3 ||     3
Armor: Scale mail        |    73 |    27 ||   100
Dodge: Dodged            |    56 |    26 ||    82
Block: Shield            |    68 |    38 ||   106
